 Seeded DCSS version 0.30-a0-168-g0b976cbdc4 (webtiles) character file.

Game seed: 2536304969369262411 (custom seed)

13367 NinjaNoafa the Nimble (level 12, -2/94 HPs)
             Began as a Gnoll Gladiator on Sept 29, 2022.
             Was a High Priest of Ignis.
             Slain by a wolf (9 damage)
             ... on level 1 of the Lair of Beasts.
             The game lasted 00:32:20 (11928 turns).

NinjaNoafa the Nimble (Gnoll Gladiator)            Turns: 11928, Time: 00:32:21

Health: -2/94      AC: 11    Str: 14    XL:     12   Next: 5%
Magic:  23/23      EV: 16    Int: 11    God:    Ignis [*****.]
Gold:   612        SH:  0    Dex: 15    Spells: 19/25 levels left

rFire   + . .      SeeInvis +    p - +7 quarterstaff (chaos)
rCold   . . .      Faith    .    (shield currently unavailable)
rNeg    . . .      Spirit   .    m - +1 leather armour of Circular Logic {Rampage rElec}
rPois   .          Reflect  .    c - +0 helmet
rElec   +          Harm     .    q - +0 cloak
rCorr   .          Rampage  +    G - +0 pair of gloves
Will    .....                    a - +1 pair of boots
Stlth   +++.......               s - amulet of regeneration
HPRegen 1.05/turn                h - ring of see invisible
MPRegen 0.18/turn                (no ring)

@: no status effects
A: fangs 1, strong nose, distributed training
a: Renounce Religion, Fiery Armour, Foxfire Swarm, Rising Flame


You were on level 1 of the Lair of Beasts.
You worshipped Ignis.
Ignis was extremely pleased with you.
You visited 3 branches of the dungeon, and saw 12 of its levels.
You also visited: Ossuary.

You collected 612 gold pieces.

Inventory:

Hand Weapons
 g - a +5 short sword of venom
 p - a +7 quarterstaff of chaos (weapon)
Missiles
 d - 3 throwing nets
 e - 79 stones
 j - 4 atropa-tipped darts
 l - 9 poisoned darts
 z - a silver javelin (quivered)
 E - 7 boomerangs
 H - 4 curare-tipped darts
Armour
 a - a +1 pair of boots (worn)
 c - a +0 helmet (worn)
 m - the +1 leather armour of Circular Logic (worn) {Rampage rElec}
   (You took it off a gnoll on level 2 of the Dungeon)

   rElec:     It insulates you from electricity.
   Rampage:   It bestows one free step when moving towards enemies.
 q - a +0 cloak (worn)
 G - a +0 pair of gloves (worn)
Jewellery
 h - a ring of see invisible (left hand)
 s - an amulet of regeneration (around neck)
Wands
 n - a wand of flame (48)
 A - a wand of paralysis (4)
Scrolls
 i - a scroll of vulnerability
 r - a scroll of blinking
 u - 2 scrolls of magic mapping
 v - a scroll of butterflies
 x - 3 scrolls of teleportation
 y - 4 scrolls of fear
 D - a scroll of immolation
 I - a scroll of noise
 J - 2 scrolls of amnesia
Potions
 b - a potion of curing
 f - 5 potions of degeneration
 k - a potion of magic
 t - a potion of haste
 w - a potion of invisibility
 B - a potion of might
 C - a potion of berserk rage
Miscellaneous
 F - a piece from Xom's chessboard (15/15)


   Skills:
 + Level 8.8 Fighting
 + Level 7.4 Short Blades
 + Level 7.4 Long Blades
 + Level 7.4 Axes
 + Level 7.4 Maces & Flails
 + Level 7.4 Polearms
 + Level 10.0 Staves
 + Level 7.4 Ranged Weapons
 + Level 8.8 Throwing
 + Level 7.4 Armour
 + Level 10.0 Dodging
 + Level 7.4 Stealth
 + Level 7.4 Shields
 + Level 7.4 Unarmed Combat
 + Level 7.4 Spellcasting
 + Level 6.1 Conjurations
 + Level 6.1 Hexes
 + Level 6.1 Summonings
 + Level 6.1 Necromancy
 + Level 6.1 Translocations
 + Level 6.1 Transmutations
 + Level 6.1 Fire Magic
 + Level 6.1 Ice Magic
 + Level 6.1 Air Magic
 + Level 6.1 Earth Magic
 + Level 6.1 Poison Magic
 + Level 8.1 Invocations
 + Level 7.4 Evocations


You had 19 spell levels left.
You knew the following spells:

 Your Spells              Type           Power      Damage    Failure   Level
a - Ensorcelled Hibernat  Hex/Ice        34%        N/A       2%          2
b - Sandblast             Erth           34%        2d9       1%          1
c - Apportation           Tloc           34%        N/A       1%          1
d - Passwall              Tmut/Erth      14%        N/A       2%          2

Your spell library contained the following spells:

 Spells                   Type           Power      Damage    Failure   Level
 Spider Form              Tmut/Pois      17%        N/A       4%          3
 Stone Arrow              Conj/Erth      34%        3d9       4%          3
 Airstrike                Air            8%         2d(2-18)  16%         4
 Anguish                  Hex/Necr       8%         N/A       16%         4
 Summon Lightning Spire   Summ/Air       17%        N/A       16%         4
 Alistair's Intoxication  Tmut/Pois      11%        N/A       41%         5
 Lightning Bolt           Conj/Air       8%         1d21      41%         5


Dungeon Overview and Level Annotations

Branches:
Dungeon (10/15)            Temple (1/1) D:4            Lair (1/5) D:10
Ossuary (visited)
    Orc: D:9-12

Altars:
Ashenzari
Cheibriados
Dithmenos
Elyvilon
Fedhas
Gozag
Hepliaklqana
Kikubaaqudgha
Makhleb
Nemelex Xobeh
Okawaru
Qazlal
Ru
Sif Muna
Trog
Uskayaw
Vehumet
Wu Jian
Xom
Yredelemnul
Zin
The Shining One
Ignis

Shops:
D:10 *

Annotations:
D:9 exclusion: obsidian statue


Innate Abilities, Weirdness & Mutations

You have very sharp teeth.
Your uncanny sense of smell can sniff out nearby items.
Your experience applies equally to all skills.


Message History

You feel sick. The wolf barely misses you. The wolf completely misses you.
The water moccasin bites you.
* * * LOW HITPOINT WARNING * * *
The wolf barely misses you. The wolf closely misses you.
You hit the water moccasin. You burn the water moccasin.
The water moccasin is heavily wounded.
You feel sick. The wolf bites you but does no damage.
The wolf completely misses you. The water moccasin barely misses you.
The wolf completely misses you. The wolf closely misses you.
The wolf misses you.
You sock the water moccasin!
The water moccasin is almost dead.
You feel sick. The water moccasin bites you.
* * * LOW HITPOINT WARNING * * *
You are more poisoned.
The water moccasin poisons you! The wolf barely misses you.
The wolf misses you. The wolf closely misses you.
The water moccasin bites you but does no damage.
You feel better. The wolf bites you but does no damage. The wolf bites you.
* * * LOW HITPOINT WARNING * * *
The wolf barely misses you. The wolf bites you but does no damage.
The water moccasin bites you.
* * * LOW HITPOINT WARNING * * *
The wolf bites you but does no damage. x2
You hit the water moccasin.
You kill the water moccasin!
The wolf bites you!
* * * LOW HITPOINT WARNING * * *
The wolf bites you but does no damage. The wolf bites you.
* * * LOW HITPOINT WARNING * * *
Unknown command.
The wolf bites you but does no damage. The wolf barely misses you.
The wolf bites you.
* * * LOW HITPOINT WARNING * * *
You feel better. The wolf misses you. The wolf bites you!
* * * LOW HITPOINT WARNING * * *
The wolf bites you.
* * * LOW HITPOINT WARNING * * *
The wolf bites you!
You die...

# ### ##### ##
####P##.#######..#. ...
................... #..
...........##.#####
#..#####+##.....######
#...(...........##.#.###
. #......#.....###...'.
....#..h@..#......##...##
....P..hh........'.....##
.#...............###+###
....#.#.##+P.....# #.# #
.................###.####
.........................
.........................
.........................
.........................


You could see 3 wolves.

Vanquished Creatures
  A boulder beetle (Lair:1)
  Maggie (D:7)
  3 blink frogs (Lair:1)
  A raiju (Lair:1)
  Sigmund (D:4)
  A vampire (D:9)
  A wyvern (D:6)
  2 basilisks (Lair:1)
  18 yaks
  2 wraiths
  A steam dragon (D:7)
  An acid dragon (D:9)
  9 water moccasins
  4 orc warriors
  An ice beast (D:5)
  A sky beast (D:6)
  6 wolves (Lair:1)
  4 black bears
  A centaur (D:8)
  3 ogres (D:5)
  2 phantoms
  7 bullfrogs
  2 scorpions
  5 water moccasin zombies (Ossuary)
  4 wights (D:7)
  5 howler monkeys
  6 crimson imps (D:9)
  2 orc priests
  3 hounds
  4 jellies
  2 gnoll boudas
  Crazy Yiuf (D:4)
  4 iguanas
  2 orc wizards
  Natasha (thrice) (D:3)
  2 mummies (Ossuary)
  12 gnolls
  9 adders
  2 shadow imps
  3 white imps
  3 ufetubi
  2 adder zombies (Ossuary)
  A worm (D:3)
  3 dart slugs
  20 orcs
  5 ball pythons
  6 endoplasms
  4 giant cockroaches
  8 hobgoblins
  6 jackals
  2 quokkas
  5 bats
  2 frilled lizards
  A gnoll zombie (Ossuary)
  10 goblins
  2 hobgoblin zombies (Ossuary)
  11 kobolds
  7 kobold zombies (Ossuary)
  6 orc zombies (Ossuary)
  3 rats
249 creatures vanquished.

Vanquished Creatures (collateral kills)
  An orc warrior (D:10)
  An orc priest (D:10)
  2 orc wizards (D:10)
  An orc (D:10)
5 creatures vanquished.

Vanquished Creatures (others)
  A bush (Lair:1)
  10 foxfires (D:4)
  20 fungi (D:10)
  27 plants
58 creatures vanquished.

Grand Total: 312 creatures vanquished

Notes
Turn   | Place    | Note
-------+----------+-------------------------------------------
     0 | D:1      | NinjaNoafa the Gnoll Gladiator began the quest for the Orb.
     0 | D:1      | Reached XP level 1. HP: 20/20 MP: 1/1
     7 | D:1      | Noticed a centaur
     7 | D:1      | Noticed a ragged hierophant
     7 | D:1      | Noticed a tyrant leech
     7 | D:1      | Noticed an iguana
   270 | D:1      | Reached XP level 2. HP: 26/26 MP: 2/2
   702 | D:1      | Found a faded altar of an unknown god.
   835 | D:1      | Prayed at the altar of an unknown god.
   835 | D:1      | Became a worshipper of Ignis, the Dying Flame
  1001 | D:1      | Reached XP level 3. HP: 31/31 MP: 3/3
  1456 | D:2      | Reached skill level 1 in Invocations
  1467 | D:2      | Reached skill level 1 in Short Blades
  1467 | D:2      | Reached skill level 1 in Long Blades
  1467 | D:2      | Reached skill level 1 in Axes
  1467 | D:2      | Reached skill level 1 in Maces & Flails
  1467 | D:2      | Reached skill level 1 in Polearms
  1467 | D:2      | Reached skill level 1 in Ranged Weapons
  1467 | D:2      | Reached skill level 1 in Armour
  1467 | D:2      | Reached skill level 1 in Stealth
  1467 | D:2      | Reached skill level 1 in Shields
  1467 | D:2      | Reached skill level 1 in Unarmed Combat
  1467 | D:2      | Reached skill level 1 in Spellcasting
  1467 | D:2      | Reached skill level 1 in Evocations
  1474 | D:2      | Reached XP level 4. HP: 12/38 MP: 5/5
  1840 | D:2      | Reached skill level 1 in Conjurations
  1840 | D:2      | Reached skill level 1 in Hexes
  1840 | D:2      | Reached skill level 1 in Summonings
  1840 | D:2      | Reached skill level 1 in Necromancy
  1840 | D:2      | Reached skill level 1 in Translocations
  1840 | D:2      | Reached skill level 1 in Transmutations
  1840 | D:2      | Reached skill level 1 in Fire Magic
  1840 | D:2      | Reached skill level 1 in Ice Magic
  1840 | D:2      | Reached skill level 1 in Air Magic
  1840 | D:2      | Reached skill level 1 in Earth Magic
  1840 | D:2      | Reached skill level 1 in Poison Magic
  1896 | D:2      | Identified the +1 leather armour of Circular Logic {Rampage
                  | rElec}
  1903 | D:2      | Reached XP level 5. HP: 17/43 MP: 5/7
  2796 | D:3      | Found a snail-covered altar of Cheibriados.
  2864 | D:3      | Noticed Natasha
  2867 | D:3      | Killed Natasha
  2891 | D:3      | Noticed Natasha
  2895 | D:3      | Killed Natasha
  3062 | D:3      | Noticed Natasha
  3069 | D:3      | Killed Natasha
  3070 | D:3      | Reached XP level 6. HP: 40/50 MP: 8/8
  3343 | D:4      | Found a stormy altar of Qazlal.
  3458 | D:4      | Reached skill level 5 in Fighting
  3458 | D:4      | Reached skill level 5 in Throwing
  3460 | D:5      | Entered Level 5 of the Dungeon
  3485 | D:5      | Noticed an ice beast
  3494 | D:5      | Reached XP level 7. HP: 35/56 MP: 10/10
  3763 | D:4      | HP: 1/84 [acid (10)]
  4094 | D:4      | Noticed Sigmund
  4110 | D:4      | Killed Sigmund
  4111 | D:4      | Reached XP level 8. HP: 62/63 MP: 12/12
  4121 | D:4      | Found a staircase to the Ecumenical Temple.
  4128 | Temple   | Entered the Ecumenical Temple
  4541 | D:4      | Found an opulent altar of Gozag.
  4761 | D:4      | Found a runed translucent door.
  4762 | D:4      | Noticed Crazy Yiuf
  4832 | D:4      | Killed Crazy Yiuf
  5028 | D:5      | Noticed a yak
  5308 | D:5      | Noticed a yak
  5311 | D:5      | Noticed a yak
  5313 | D:5      | Noticed a yak
  5324 | D:6      | Killed a yak
  5379 | D:6      | Learned a level 2 spell: Ensorcelled Hibernation
  5458 | D:6      | Found an iron altar of Okawaru.
  5494 | D:6      | Learned a level 1 spell: Sandblast
  5699 | D:6      | Noticed a wyvern
  5716 | D:6      | Killed a wyvern
  5717 | D:6      | Reached XP level 9. HP: 41/69 MP: 6/15
  5964 | D:6      | Found a sand-covered staircase.
  5968 | Ossuary  | Entered an ossuary
  6975 | D:5      | Reached skill level 5 in Invocations
  6980 | D:5      | Reached skill level 5 in Conjurations
  6980 | D:5      | Reached skill level 5 in Hexes
  6980 | D:5      | Reached skill level 5 in Summonings
  6980 | D:5      | Reached skill level 5 in Necromancy
  6980 | D:5      | Reached skill level 5 in Translocations
  6980 | D:5      | Reached skill level 5 in Transmutations
  6980 | D:5      | Reached skill level 5 in Fire Magic
  6980 | D:5      | Reached skill level 5 in Ice Magic
  6980 | D:5      | Reached skill level 5 in Air Magic
  6980 | D:5      | Reached skill level 5 in Earth Magic
  6980 | D:5      | Reached skill level 5 in Poison Magic
  6980 | D:5      | Reached XP level 10. HP: 53/80 MP: 15/19
  7128 | D:5      | Found a radiant altar of Vehumet.
  7324 | D:5      | Found a hazy altar of Hepliaklqana.
  7346 | D:5      | Found a shadowy altar of Dithmenos.
  7439 | D:7      | Noticed Maggie
  7454 | D:7      | Killed Maggie
  7622 | D:7      | Found a hide-covered altar of Uskayaw.
  7887 | D:7      | Learned a level 1 spell: Apportation
  7890 | D:7      | Learned a level 2 spell: Passwall
  7950 | D:7      | Reached XP level 11. HP: 74/86 MP: 20/20
  8176 | D:7      | Found an ancient bone altar of Kikubaaqudgha.
  8206 | D:7      | Found a burning altar of Makhleb.
  8902 | D:8      | Found a shimmering altar of Xom.
  9785 | D:9      | Noticed an obsidian statue
  9879 | D:9      | Found a shimmering blue altar of Sif Muna.
  9971 | D:9      | Found a white marble altar of Elyvilon.
 10104 | D:9      | Found a sacrificial altar of Ru.
 10633 | D:10     | Entered Level 10 of the Dungeon
 10772 | D:10     | Found a staircase to the Lair.
 11167 | D:10     | Found Guiriwn's General Store.
 11483 | Lair:1   | Entered Level 1 of the Lair of Beasts
 11494 | Lair:1   | Noticed a boulder beetle
 11524 | Lair:1   | Killed a boulder beetle
 11726 | Lair:1   | Reached XP level 12. HP: 76/94 MP: 23/23
 11818 | Lair:1   | Reached skill level 10 in Staves
 11818 | Lair:1   | Reached skill level 10 in Dodging
 11928 | Lair:1   | Slain by a wolf

Illustrated notes

Levels and vault maps discovered:
D:1:      onia_arrival_zoo_common, layout_loops_corners, serial_aquarium,
          aquarium_bridge_straight [aquarium_subvault_bridge,
          aquarium_subvault_wall, aquarium_subvault_bridge,
          aquarium_subvault_balcony], aquarium_window_fake,
          aquarium_window_corridor_1, aquarium_window_fake, aquarium_view_2d,
          aquarium_view_2b, aquarium_balcony_3b,
          chequers_ecumenical_altar_island, bh_walls_and_bars
D:2:      layout_rooms, st_stairs_1
D:3:      layout_rooms, slow_altar_1, uniq_natasha
D:4:      layout_basic, nicolae_gozag_cash_rules_everything_around_me,
          nicolae_qazlal_general_emergency, minmay_temple_entry_gardened_gates,
          uniq_sigmund, uniq_crazy_yiuf_cottage
D:5:      layout_rooms, worldfamousw_hep_ancestral_shrine, vehumet_crystals,
          lemuel_round_altar
D:6:      layout_cave_pods, okawaru_gym_becter, enter_ossuary_5
D:7:      layout_layer_cave, lemuel_crystal_altar, lightli_temple_of_fire,
          mainiacjoe_overflow_paths, hellmonk_bongcloud_opening, uniq_maggie
D:8:      layout_loops_corners, mainiacjoe_overflow_concentric_impassable
D:9:      layout_loops_ring, elyvilon_altar_4, lemuel_round_altar,
          nicolae_ru_path_of_blood, minivault_16, minmay_nine_imps
D:10:     layout_cave_pods, due_lair_maze_entry_diamond, serial_shops,
          nicolae_shop_competitors_out_of_business, dreamdust_princess_corridor,
          corexii_hall_statues_x, nicolae_kite_square_tiling_tiny, minivault_24
Temple:   hellmonk_temple_two_chambers
Lair:1:   layout_regular_city, beast_lair_carwin_2

Skill      XL: |  1  2  3  4  5  6  7  8  9 10 11 12 |
---------------+-------------------------------------+-----
Invocations    | 1 2 3 4 6 7 8 |  8.1
Short Blades   | 1 2 3 4 6 7 |  7.4
Long Blades    | 1 2 3 4 6 7 |  7.4
Axes           | 1 2 3 4 6 7 |  7.4
Maces & Flails | 1 2 3 4 6 7 |  7.4
Polearms       | 1 2 3 4 6 7 |  7.4
Ranged Weapons | 1 2 3 4 6 7 |  7.4
Armour         | 1 2 3 4 6 7 |  7.4
Stealth        | 1 2 3 4 6 7 |  7.4
Shields        | 1 2 3 4 6 7 |  7.4
Unarmed Combat | 1 2 3 4 6 7 |  7.4
Spellcasting   | 1 2 3 4 6 7 |  7.4
Evocations     | 1 2 3 4 6 7 |  7.4
Conjurations   | 1 2 3 5 6 |  6.1
Hexes          | 1 2 3 5 6 |  6.1
Summonings     | 1 2 3 5 6 |  6.1
Necromancy     | 1 2 3 5 6 |  6.1
Translocations | 1 2 3 5 6 |  6.1
Transmutations | 1 2 3 5 6 |  6.1
Fire Magic     | 1 2 3 5 6 |  6.1
Ice Magic      | 1 2 3 5 6 |  6.1
Air Magic      | 1 2 3 5 6 |  6.1
Earth Magic    | 1 2 3 5 6 |  6.1
Poison Magic   | 1 2 3 5 6 |  6.1
Fighting       | 5 6 7 8 |  8.8
Throwing       | 5 6 7 8 |  8.8
Staves         | 7 9 10 | 10.0
Dodging        | 7 9 10 | 10.0

Action                   |  1- 3 |  4- 6 |  7- 9 | 10-12 || total
-------------------------+-------+-------+-------+-------++-------
Melee: Quarterstaff      |    50 |    15 |    85 |   252 ||   402
       Bite              |     3 |    11 |    32 |    32 ||    78
       Short sword       |       |   132 |   181 |    61 ||   374
       Punch             |       |     1 |     6 |     4 ||    11
Throw: Javelin           |     8 |    14 |    26 |    31 ||    79
       Dart              |     6 |     4 |    15 |    18 ||    43
       Stone             |     2 |     5 |    21 |       ||    28
       Throwing net      |     1 |     1 |       |     4 ||     6
       Boomerang         |       |       |       |    41 ||    41
 Cast: Ensorcelled Hiber |       |       |    12 |    26 ||    38
       Sandblast         |       |       |     6 |     7 ||    13
       Apportation       |       |       |       |    14 ||    14
       Passwall          |       |       |       |     1 ||     1
Invok: Foxfire Swarm     |       |       |     1 |       ||     1
       Fiery Armour      |       |       |     1 |       ||     1
Evoke: Wand              |       |     2 |     2 |     2 ||     6
       Piece from Xom's  |       |       |       |     3 ||     3
  Use: Potion            |     2 |     1 |     7 |    14 ||    24
       Scroll            |     1 |     4 |     9 |     8 ||    22
 Stab: Sleeping          |       |       |    12 |    13 ||    25
       Fleeing           |       |       |     3 |       ||     3
       Petrifying        |       |       |       |     2 ||     2
       Confused          |       |       |       |     1 ||     1
Armor: Leather armour    |    16 |    34 |    91 |   159 ||   300
       Skin              |    10 |     3 |     4 |       ||    17
Dodge: Dodged            |    41 |   109 |   206 |   351 ||   707

Table legend: (Time is in decaauts)
 A = Elapsed time spent in this place.
 B = Non-inter-level travel time spent in this place.
 C = Inter-level travel time spent in this place.
 D = Time resting spent in this place.
 E = Time spent auto-exploring this place.
 F = Levels seen in this place.
 G = Mean time per level.
                   A        B        C        D        E       F      G
               +--------+--------+--------+--------+--------+-----+--------+
         Total |  11803 |  11348 |    455 |      0 |   9115 |  13 |  907.9 |
       Dungeon |  11051 |  10600 |    451 |      0 |   8659 |  10 | 1105.1 |
        Temple |     26 |     22 |      4 |      0 |     20 |   1 |   26.0 |
          Lair |    429 |    429 |      0 |      0 |    285 |   1 |  429.0 |
       Ossuary |    295 |    295 |      0 |      0 |    151 |   1 |  295.0 |
               +--------+--------+--------+--------+--------+-----+--------+

Top non-repeatable levels by time:
     D:1: 1972 daAuts
     D:7: 1364 daAuts
     D:6: 1333 daAuts
     D:4: 1270 daAuts
     D:5: 1083 daAuts
     D:8: 952 daAuts
     D:9: 865 daAuts
    D:10: 841 daAuts
     D:2: 746 daAuts
     D:3: 620 daAuts
  Lair:1: 429 daAuts
 Ossuary: 295 daAuts
  Temple: 26 daAuts
